 Dungeon Crawl Stone Soup version 0.20.0-8-g6b59dc7 (webtiles) character file.

1615 Rrauwl the Grappler (level 8, -4/75 HPs)
             Began as a Troll Monk on May 30, 2017.
             Was a Believer of Nemelex Xobeh.
             Killed by a card of wild magic (36 damage)
             ... on level 6 of the Dungeon.
             The game lasted 00:14:13 (3955 turns).

Rrauwl the Grappler (Troll Monk)                    Turns: 3955, Time: 00:14:13

Health: -4/75      AC:  7    Str: 20    XL:     8   Next: 64%
Magic:  7/8        EV: 15    Int:  6    God:    Nemelex Xobeh [**....]
Gold:   335        SH:  0    Dex: 14    Spells: 5/7 levels left

rFire    . . .     SeeInvis .     - Unarmed
rCold    . . .     Gourm    +   (no shield)
rNeg     . . .     Faith    .   a - +0 robe
rPois    .         Spirit   .   q - +2 hat
rElec    .         Reflect  .   (no cloak)
rCorr    .         Harm     .   (gloves unavailable)
MR       .....                  (boots unavailable)
Stlth    ++........             (no amulet)
Regen    0.7/turn               s - +5 ring of slaying
MPRegen  0.2/turn               k - +4 ring of evasion

@: no status effects
A: unfitting armour, claws 3, fast metabolism 3, gourmand, regeneration 1,
shaggy fur 1, tough skin 2
a: Renounce Religion


You were on level 6 of the Dungeon.
You worshipped Nemelex Xobeh.
Nemelex Xobeh was pleased with you.
You were very full.

You visited 2 branches of the dungeon, and saw 7 of its levels.

You collected 335 gold pieces.

Inventory:

Missiles
 n - 4 large rocks (quivered)
 p - 2 javelins of penetration
Armour
 a - a +0 robe (worn)
 q - a +2 hat (worn)
Jewellery
 k - a +4 ring of evasion (right claw)
 s - a +5 ring of slaying (left claw)
Scrolls
 c - 2 scrolls of random uselessness {unknown}
 d - 6 scrolls of teleportation {unknown}
 e - 4 scrolls of identify {unknown}
 g - a scroll of blinking {unknown}
 i - 7 scrolls of remove curse {unknown}
 j - 2 scrolls of amnesia {unknown}
 l - a scroll of magic mapping {unknown}
 m - 3 scrolls of recharging {unknown}
 t - a scroll of enchant armour {unknown}
Potions
 x - 2 potions of curing
Books
 o - a book of Minor Magic

   Spells                             Type                      Level
   a - Magic Dart                     Conjuration                  1
   b - Blink                          Translocation                2
   c - Call Imp                       Summoning                    2
   d - Slow                           Hexes                        2
   e - Conjure Flame                  Conjuration/Fire             3
   f - Mephitic Cloud                 Conjuration/Poison/Air       3
Miscellaneous
 u - a plain deck of destruction {drawn: 3}
 v - a plain deck of destruction
 w - a plain deck of escape
 y - a plain deck of escape
Comestibles
 b - 6 bread rations
 f - 3 meat rations
 h - 10 fruits
 r - a royal jelly
 z - 6 chunks of flesh


   Skills:
 - Level 3.0 Fighting
 - Level 3.0 Dodging
 - Level 1.0 Stealth
 + Level 10.6 Unarmed Combat
 + Level 1.5 Invocations


You had 5 spell levels left.
You knew the following spells:

 Your Spells              Type           Power        Failure   Level  Hunger
a - Blink                 Tloc           N/A          58%         2    ###....


Dungeon Overview and Level Annotations

Branches:
Dungeon (6/15)             Temple (1/1) D:5

Altars:
Ashenzari
Cheibriados
Dithmenos
Elyvilon
Fedhas
Gozag
Hepliaklqana
Kikubaaqudgha
Makhleb
Nemelex Xobeh
Okawaru
Qazlal
Ru
Sif Muna
Trog
Uskayaw
Vehumet
Xom
Yredelemnul
Zin
The Shining One


Innate Abilities, Weirdness & Mutations

You are too large for most types of armour.
You have claws for hands.
Your metabolism is lightning-fast.
You like to eat raw meat.
Your natural rate of healing is unusually fast.
You are covered in fur. (AC +1)
You have very tough skin. (AC +2)


Message History

Found 15 gold pieces.
You see here 15 gold pieces.
The orc warrior hits you from afar with a glaive!
Evoke which item? (* to show all) (? for menu, Esc to quit)
You draw a card...
It is Pain.
You have drawn Pain.
Press: ? - help, Shift-Dir - straight line, f - orc warrior
Aim: an orc warrior, wielding a glaive and wearing a chain mail (lightly wounded)
The orc warrior convulses!
Evoke which item? (* to show all) (? for menu, Esc to quit)
You draw a card...
It is Wild Magic.
There is a sudden explosion of magical energy!
The explosion engulfs the orc warrior.
The orc warrior dies!
Your Invocations skill increases to level 1!
The explosion engulfs the orc.
The orc dies!
The explosion engulfs you!
You die...
Your body glows slightly and disappears.

#...##.###...[#
#...##........#
#...>..###....#
#....#.###.......#
#....#..##.##..###
####....##.# #.#
###.....# ...
##...######## #...@..##
#.#.##).# #...###[# ...
###### ##..###$# ...
......# #...##.# ...
..... ##..(.#o# #.# ...
#[....#.# #.#
#†##.#...#.#########.# .
#....#...#...o.†.?...##.


There were no monsters in sight!

Vanquished Creatures
  A phantom (D:4)
  An ice beast (D:4)
  An orc warrior (D:6)
  A black bear (D:6)
  3 ogres
  A centaur (D:6)
  A water moccasin zombie (D:5)
  A crimson imp (D:5)
  A bullfrog skeleton (D:4)
  A centaur skeleton (D:4)
  A hound (D:4)
  3 orc priests (D:5)
  7 orc wizards
  3 worker ants
  A hound zombie (D:5)
  5 adders
  4 gnolls (D:5)
  A shadow imp (D:5)
  2 oozes
  2 worms
  3 dart slugs
  2 leopard geckos
  26 orcs
  2 ball pythons
  4 giant cockroaches
  8 goblins
  6 hobgoblins
  2 quokkas
  8 bats
  3 frilled lizards
  A giant cockroach zombie (D:5)
  A jackal skeleton (D:4)
  6 kobolds
  9 rats
122 creatures vanquished.

Vanquished Creatures (others)
  An orc warrior (D:6)
  An orc priest (D:6)
  An orc wizard (D:6)
  2 orcs (D:6)
5 creatures vanquished.

Grand Total: 127 creatures vanquished

Notes
Turn   | Place    | Note
-------+----------+-------------------------------------------
     0 | D:1      | Rrauwl the Troll Monk began the quest for the Orb.
     0 | D:1      | Reached XP level 1. HP: 22/22 MP: 0/0
   259 | D:1      | Reached XP level 2. HP: 25/29 MP: 1/1
   771 | D:2      | Reached XP level 3. HP: 26/36 MP: 2/2
   979 | D:2      | Found a blossoming altar of Fedhas.
  1034 | D:2      | Reached XP level 4. HP: 44/45 MP: 3/3
  1137 | D:3      | Reached skill level 4 in Unarmed Combat
  1446 | D:3      | Noticed a moth of wrath
  1449 | D:3      | Found a bloodstained altar of Trog.
  1714 | D:3      | Learned a level 2 spell: Blink
  1993 | D:3      | Reached XP level 5. HP: 53/53 MP: 4/4
  2009 | D:3      | Reached skill level 5 in Unarmed Combat
  2019 | D:3      | HP: 1/53 [something/magic dart (6)]
  2486 | D:4      | Noticed a phantom
  2533 | D:4      | Killed a phantom
  2533 | D:4      | Reached skill level 6 in Unarmed Combat
  2533 | D:4      | Reached XP level 6. HP: 41/61 MP: 5/5
  2619 | D:4      | Noticed an ice beast
  2627 | D:4      | Killed an ice beast
  2627 | D:4      | Reached skill level 7 in Unarmed Combat
  2656 | D:4      | Reached XP level 7. HP: 53/67 MP: 6/6
  2863 | D:5      | Entered Level 5 of the Dungeon
  2909 | D:5      | Reached skill level 8 in Unarmed Combat
  3302 | D:5      | Found a staircase to the Ecumenical Temple.
  3308 | Temple   | Entered the Ecumenical Temple
  3413 | Temple   | Became a worshipper of Nemelex Xobeh the Trickster
  3413 | Temple   | Received a gift from Nemelex Xobeh
  3413 | Temple   | Reached * piety under Nemelex Xobeh
  3413 | Temple   | Received a gift from Nemelex Xobeh
  3413 | Temple   | Received a gift from Nemelex Xobeh
  3413 | Temple   | Reached ** piety under Nemelex Xobeh
  3569 | D:5      | Reached skill level 9 in Unarmed Combat
  3577 | D:5      | Reached XP level 8. HP: 42/75 MP: 7/7
  3812 | D:6      | Reached skill level 10 in Unarmed Combat
  3890 | D:6      | Received a gift from Nemelex Xobeh
  3955 | D:6      | Reached skill level 1 in Invocations
  3955 | D:6      | Killed by a card of wild magic

Skill      XL: |  1  2  3  4  5  6  7  8 |
---------------+-------------------------+-----
Dodging        | 3 |  3.0
Fighting       | 3 |  3.0
Unarmed Combat | 4 6 7 9 10 | 10.6
Invocations    | 1 |  1.5
Stealth        | |  1.0

Action                   |  1- 3 |  4- 6 |  7- 9 || total
-------------------------+-------+-------+-------++-------
Melee: Unarmed           |    95 |   159 |   106 ||   360
       Punch             |       |     3 |     6 ||     9
Evoke: Deck              |       |       |     2 ||     2
  Use: Potion            |       |     4 |       ||     4
 Stab: Sleeping          |     3 |     1 |     1 ||     5
  Eat: Chunk             |    13 |    16 |    12 ||    41
Armor: Robe              |    30 |    62 |    23 ||   115
Dodge: Dodged            |    43 |    80 |    85 ||   208
